[Event "Titled Tuesday Blitz May 4 2021"]
[White "Lonoff, Marc"]
[Black "Smietanska, Wiktoria"]
[WhiteFideId "2001349"]
[BlackFideId "21869359"]
[WhiteElo "2221"]
[BlackElo "1780"]
[Result "0-1"]
[Round "04"]
[TimeControl "180+1"]
[Date "2021.05.04"]
[WhiteClock "0:00:01"]
[BlackClock "0:00:02"]

1. c4 Nf6 2. Nc3 g6 3. g3 Bg7 4. Bg2 O-O 5. e4 d6 6. Nge2 e5 7. O-O c6 8. h3 Be6 9. d3 d5 10. exd5 cxd5 11. Kh2 Nc6 12. Bg5 dxc4 13. dxc4 Bxc4 14. Qa4 Be6 15. Be3 Rc8 16. Rfd1 Qe7 17. Rac1 Rfd8 18. Bxa7 Ra8 19. Rxd8+ Qxd8 20. Bb6 Rxa4 21. Bxd8 Rb4 22. Bxc6 bxc6 23. b3 Nd5 24. Na4 Bd7 25. Nc5 Be8 26. Ba5 Rb5 27. Bd2 Bf8 28. Ne4 f5 29. N4c3 Nxc3 30. Nxc3 Rc5 31. Na4 Rxc1 32. Bxc1 c5 33. Nc3 Kf7 34. Be3 Ke6 35. f4 e4 36. Kg2 Kd6 37. Kf2 Bg7 38. Ne2 Bb5 39. Ke1 Kd5 40. Kd2 Bd4 41. Bxd4 cxd4 42. a4 e3+ 43. Kd1 Ba6 44. b4 Ke4 45. b5 Bb7 46. Nc1 d3 0-1


[Site "https://www.chess.com"]

[Event "Titled Tuesday Blitz May 4 2021"]
[White "Lopez Del Alamo, Antonio"]
[Black "Nefedov, Sergey"]
[WhiteFideId "2227339"]
[BlackFideId "24113417"]
[WhiteElo "2098"]
[BlackElo "2385"]
[Result "1-0"]
[Round "04"]
[TimeControl "180+1"]
[Date "2021.05.04"]
[WhiteClock "0:00:41"]
[BlackClock "0:00:02"]

1. e4 d5 2. exd5 Qxd5 3. Nc3 Qd8 4. d4 Nf6 5. Nf3 c6 6. Bc4 Bf5 7. Ne5 e6 8. g4 Be4 9. f3 Bd5 10. Nxd5 Nxd5 11. Qe2 Nd7 12. Bd2 Nxe5 13. dxe5 Qh4+ 14. Qf2 Qxf2+ 15. Kxf2 h5 16. h3 hxg4 17. hxg4 Rg8 18. a3 Bc5+ 19. Ke2 Ke7 20. Bd3 Rad8 21. c3 Bb6 22. Be4 f6 23. c4 Nc7 24. exf6+ gxf6 25. Rh7+ Kf8 26. c5 Bxc5 27. Rxc7 1-0


[Site "https://www.chess.com"]

[Event "Titled Tuesday Blitz May 4 2021"]
[White "Lopez Gracia, Fernando"]
[Black "Gabriel, Robert"]
[WhiteFideId "2207184"]
[BlackFideId "4606477"]
[WhiteElo "2335"]
[BlackElo "2203"]
[Result "1-0"]
[Round "04"]
[TimeControl "180+1"]
[Date "2021.05.04"]
[WhiteClock "0:00:35"]
[BlackClock "0:00:01"]

1. c4 e6 2. Nf3 d5 3. e3 Nf6 4. b3 b6 5. Bb2 Bb7 6. g3 Be7 7. Bg2 O-O 8. O-O Nbd7 9. Nc3 c5 10. cxd5 Nxd5 11. Nxd5 Bxd5 12. d4 cxd4 13. Nxd4 Bxg2 14. Kxg2 Rc8 15. Rc1 Rxc1 16. Qxc1 Nc5 17. Rd1 Qd5+ 18. Nf3 Qb7 19. Qd2 h6 20. b4 Na4 21. Bd4 Rc8 22. Rc1 Rxc1 23. Qxc1 Bxb4 24. Qc4 a5 25. a3 b5 26. Qb3 Bd6 27. Qd1 Nc5 28. Kg1 Qd5 29. Qe1 a4 30. Nd2 Nb3 31. Nxb3 Qxb3 32. Qa5 Bxa3 33. Qd8+ Bf8 34. Bc5 Qd1+ 35. Qxd1 Bxc5 36. Qd8+ Bf8 37. Kf1 b4 38. Qa5 a3 39. Qa4 f5 40. f4 Kf7 41. Ke2 Kf6 42. Kd3 Be7 43. e4 Bf8 44. Qb3 Be7 45. Kd4 Kf7 46. e5 Bf8 47. Kc4 Be7 48. h3 Bf8 49. g4 g6 50. Qg3 Be7 51. Kb3 Bf8 52. h4 Be7 53. h5 fxg4 54. hxg6+ Kxg6 55. Qxg4+ Kf7 56. f5 1-0


[Site "https://www.chess.com"]

[Event "Titled Tuesday Blitz May 4 2021"]
[White "Luberanski, Jakub"]
[Black "Kis, Lorand Bela"]
[WhiteFideId "21830509"]
[BlackFideId "2024098"]
[WhiteElo "2078"]
[BlackElo "2085"]
[Result "0-1"]
[Round "04"]
[TimeControl "180+1"]
[Date "2021.05.04"]
[WhiteClock "0:00:06"]
[BlackClock "0:00:40"]

1. e4 e5 2. Nf3 Nc6 3. Bb5 a6 4. Bxc6 dxc6 5. O-O f6 6. d4 exd4 7. Nxd4 c5 8. Nb3 Qxd1 9. Rxd1 Bg4 10. f3 Bd7 11. Bf4 O-O-O 12. Nc3 c4 13. Na5 Bc5+ 14. Kh1 b5 15. a4 Ne7 16. axb5 axb5 17. Rxd7 Rxd7 18. Nxb5 Rhd8 19. Nc3 Bb4 20. h3 Bxc3 21. bxc3 Rd1+ 22. Rxd1 Rxd1+ 23. Kh2 Ng6 24. Bg3 Rd2 25. Nxc4 Rxc2 26. Ne3 Rxc3 27. Nf5 Rc2 28. Nxg7 Kd7 29. Nf5 c5 30. Ne3 Rc1 31. Nd5 Ke6 32. Ne3 c4 33. f4 Kf7 34. f5 Ne5 35. Bf4 c3 36. Bh6 c2 37. Nd5 Ra1 0-1


[Site "https://www.chess.com"]

[Event "Titled Tuesday Blitz May 4 2021"]
[White "Madaminov, Mukhiddin"]
[Black "Shtyka, Sergey"]
[WhiteFideId "14210703"]
[BlackFideId "4138465"]
[WhiteElo "1747"]
[BlackElo "2102"]
[Result "1-0"]
[Round "04"]
[TimeControl "180+1"]
[Date "2021.05.04"]
[WhiteClock "0:01:11"]
[BlackClock "0:00:14"]

1. e4 c5 2. Nf3 Nc6 3. Bb5 g6 4. O-O Bg7 5. c3 a6 6. Bxc6 dxc6 7. h3 e5 8. d3 Ne7 9. Be3 b6 10. d4 cxd4 11. cxd4 exd4 12. Bxd4 Bxd4 13. Nxd4 c5 14. Nc2 Qxd1 15. Rxd1 Bb7 16. Nc3 Rd8 17. f3 O-O 18. Kf2 f6 19. Ke3 Kf7 20. h4 Ke6 21. g4 f5 22. g5 fxe4 23. fxe4 Rxd1 24. Rxd1 h6 25. Rg1 hxg5 26. Rxg5 Rh8 27. Rg4 b5 28. a3 Kf6 29. Rf4+ Ke6 30. b4 Rc8 31. Kd3 Rd8+ 32. Ke3 Rc8 33. bxc5 Rxc5 34. Nd4+ Kd7 35. Kd3 g5 36. hxg5 Rxg5 37. Rf7 Rg3+ 38. Kc2 Ke8 39. Rxe7+ Kxe7 40. Nf5+ Ke6 41. Nxg3 Ke5 42. Kd3 Bc6 43. Nge2 a5 44. Nd4 Kd6 45. Ncxb5+ Kc5 46. Nxc6 1-0


[Site "https://www.chess.com"]

[Event "Titled Tuesday Blitz May 4 2021"]
[White "Maiorov, Nikita"]
[Black "Altman, Joshua"]
[WhiteFideId "13501720"]
[BlackFideId "426210"]
[WhiteElo "2440"]
[BlackElo "1932"]
[Result "0-1"]
[Round "04"]
[TimeControl "180+1"]
[Date "2021.05.04"]
[WhiteClock "0:00:10"]
[BlackClock "0:00:23"]

1. d4 Nf6 2. c4 e6 3. Nf3 b6 4. g3 Bb7 5. Bg2 Bb4+ 6. Bd2 Bxd2+ 7. Qxd2 O-O 8. O-O d6 9. Qf4 Nbd7 10. Nc3 Qe7 11. e4 e5 12. Qd2 Nxe4 13. Nxe4 Bxe4 14. Rfe1 Bb7 15. Nxe5 Bxg2 16. Ng6 Qf6 17. Ne7+ Kh8 18. Kxg2 Ne5 19. dxe5 Qxe7 20. exd6 Qxd6 21. Qxd6 cxd6 22. Rad1 Rfd8 23. Re7 Kg8 24. Rd5 g6 25. a4 Rac8 26. b3 Ra8 27. h4 h5 28. Rb7 Kf8 29. a5 bxa5 30. Rxa5 Rdb8 31. Raxa7 Rxa7 32. Rxb8+ Ke7 33. Rb5 Ra3 34. Kf3 Ke6 35. Ke3 f5 36. Kf4 Ra2 37. f3 Rf2 38. Rb6 Rc2 39. Kg5 Rc3 40. Kf4 Rc2 41. Rc6 Rc3 42. b4 Rb3 43. b5 Rb4 44. Kg5 Rb3 45. c5 Rxb5 46. Rxd6+ Ke5 47. Kxg6 Rxc5 48. Rd8 Rc3 49. Re8+ Kd6 50. f4 Rxg3+ 51. Kxf5 Rg4 52. Re6+ Kd7 53. Re2 Rxh4 54. Re4 Rg4 55. Kf6 Rg1 56. f5 Rg4 57. Re3 h4 58. Kf7 Rg3 59. Re4 h3 60. Rd4+ Kc7 61. f6 h2 62. Rh4 Rg2 63. Kf8 Rf2 64. f7 Kd7 65. Rd4+ Ke6 66. Re4+ Kf6 67. Re1 Kg6 68. Rh1 Rxf7+ 69. Kg8 Rh7 70. Kf8 Rh3 71. Ke7 Kg5 72. Ke6 Kg4 73. Ke5 Kg3 74. Ke4 Kg2 0-1


[Site "https://www.chess.com"]

[Event "Titled Tuesday Blitz May 4 2021"]
[White "Manolache, Marius"]
[Black "parintele_chess"]
[WhiteFideId "1201530"]
[WhiteElo "2391"]
[BlackElo "2261"]
[Result "1-0"]
[Round "04"]
[TimeControl "180+1"]
[Date "2021.05.04"]
[WhiteClock "0:01:38"]
[BlackClock "0:00:20"]

1. d4 Nf6 2. Nf3 b6 3. Bg5 Bb7 4. e3 h6 5. Bh4 e6 6. Nbd2 d6 7. a4 Nbd7 8. a5 a6 9. axb6 cxb6 10. c3 Be7 11. Nc4 b5 12. Na5 Be4 13. Nd2 Bh7 14. Be2 Qb6 15. O-O O-O 16. Ra2 Rfe8 17. Qb3 Ne4 18. Nxe4 Bxe4 19. Bxe7 Rxe7 20. Rfa1 Bd5 21. Qc2 Bxa2 22. Rxa2 Nb8 23. Bf3 d5 24. Nb3 Nd7 25. e4 dxe4 26. Qxe4 Rc8 27. Qh4 Nf6 28. Be2 Rec7 29. h3 b4 30. c4 Rxc4 31. Bxc4 Rxc4 32. Qf4 Nd5 33. Qe5 Qc6 34. Nc5 Rc1+ 35. Kh2 Rc2 36. Rxa6 Qb5 37. Ra8+ Kh7 38. Qe4+ 1-0


[Site "https://www.chess.com"]

[Event "Titled Tuesday Blitz May 4 2021"]
[White "Manukyan, Artyom"]
[Black "Van Foreest, Jorden"]
[WhiteFideId "13305786"]
[BlackFideId "1039784"]
[WhiteElo "2633"]
[BlackElo "2917"]
[Result "1/2-1/2"]
[Round "04"]
[TimeControl "180+1"]
[Date "2021.05.04"]
[WhiteClock "0:00:03"]
[BlackClock "0:00:03"]

1. e4 c5 2. Nc3 e6 3. Nge2 Nc6 4. g3 h5 5. Bg2 h4 6. d4 cxd4 7. Nxd4 Nf6 8. Bg5 h3 9. Bf3 Qb6 10. Ndb5 a6 11. Be3 Bc5 12. Nd6+ Ke7 13. Nc4 Qb4 14. a3 Qxc4 15. Be2 Qxc3+ 16. bxc3 Bxe3 17. fxe3 Nxe4 18. O-O Nxc3 19. Qe1 Nxe2+ 20. Qxe2 Ne5 21. Qd2 f6 22. Rad1 b5 23. Qd6+ Ke8 24. Qc7 a5 25. Qb6 b4 26. axb4 axb4 27. Ra1 Rxa1 28. Rxa1 Kf7 29. Ra8 Nf3+ 30. Kh1 Rh5 31. Ra5 Rxa5 32. Qxa5 Bb7 33. Qxb4 Bc6 34. g4 g6 35. Qd6 Ne5+ 36. Kg1 g5 37. Qc7 Nxg4 38. Qg3 Ne5 39. Qxh3 Nf3+ 40. Kf2 Kg7 41. Qg3 Nd2 42. Qc7 Ne4+ 43. Ke2 Nc3+ 44. Kd3 Ne4 45. Qb8 Nf2+ 46. Ke2 Ne4 47. c4 e5 48. Qc7 Kg6 49. Qb8 Kg7 50. Qe8 Nc3+ 51. Kd3 Ne4 52. Qe7+ Kg6 53. c5 Kh5 54. Qh7+ Kg4 55. Ke2 Nc3+ 56. Kd3 Ne4 57. Qg6 Kh3 58. Qh5+ Kg2 59. Ke2 Nc3+ 60. Ke1 Ne4 61. Qg4+ Kxh2 62. Qf5 Kg3 63. Qh7 g4 64. Ke2 Nc3+ 65. Kd3 Ne4 66. Qg6 Kf3 67. Qf5+ Kg3 68. Qg6 Kh2 69. Qh5+ Kg3 70. Qg6 1/2-1/2


[Site "https://www.chess.com"]

[Event "Titled Tuesday Blitz May 4 2021"]
[White "Martinez Alcantara, Jose Eduardo"]
[Black "Sargsyan, Anna M."]
[WhiteFideId "3805662"]
[BlackFideId "13308130"]
[WhiteElo "3008"]
[BlackElo "2571"]
[Result "1-0"]
[Round "04"]
[TimeControl "180+1"]
[Date "2021.05.04"]
[WhiteClock "0:01:40"]
[BlackClock "0:00:35"]

1. e4 c6 2. Nf3 d5 3. d3 dxe4 4. dxe4 Qxd1+ 5. Kxd1 Bg4 6. Be2 Nd7 7. Ne1 Bxe2+ 8. Kxe2 O-O-O 9. Nd3 e5 10. Be3 b6 11. a4 a5 12. Nd2 f6 13. Rhb1 c5 14. c3 Kc7 15. b4 cxb4 16. cxb4 axb4 17. Nxb4 Bxb4 18. Rxb4 Ne7 19. Rc1+ Kb7 20. Nc4 Nc8 21. a5 b5 22. Na3 Ka6 23. Nxb5 Kxa5 24. Rb2 Ka6 25. Nc7+ 1-0


[Site "https://www.chess.com"]

[Event "Titled Tuesday Blitz May 4 2021"]
[White "Martirosyan, Haik M."]
[Black "Jarovinsky, Alexey"]
[WhiteFideId "13306553"]
[BlackFideId "14115131"]
[WhiteElo "2597"]
[BlackElo "2446"]
[Result "1-0"]
[Round "04"]
[TimeControl "180+1"]
[Date "2021.05.04"]
[WhiteClock "0:01:18"]
[BlackClock "0:00:50"]

1. c4 e5 2. g3 Nf6 3. Bg2 Nc6 4. Nc3 Bb4 5. Nd5 O-O 6. e3 Nxd5 7. cxd5 Ne7 8. a3 Bd6 9. d4 exd4 10. Qxd4 c5 11. Qd1 b5 12. Ne2 a6 13. O-O Re8 14. e4 Bb7 15. f4 c4 16. Kh1 Bc5 17. f5 f6 18. Nf4 Nc8 19. Nh5 Qe7 20. Qg4 Kh8 21. e5 fxe5 22. f6 gxf6 23. Nxf6 Nd6 24. Bg5 Nf7 25. Bh4 Nh6 26. Qh5 1-0


[Site "https://www.chess.com"]

[Event "Titled Tuesday Blitz May 4 2021"]
[White "Matthiesen, Martin"]
[Black "Sarkar, Justin"]
[WhiteFideId "1404067"]
[BlackFideId "2010011"]
[WhiteElo "2337"]
[BlackElo "2140"]
[Result "0-1"]
[Round "04"]
[TimeControl "180+1"]
[Date "2021.05.04"]
[WhiteClock "0:00:23"]
[BlackClock "0:01:04"]

1. d4 c6 2. c4 b5 3. cxb5 cxb5 4. e4 Bb7 5. Bd3 Nf6 6. Nd2 e6 7. Ngf3 a6 8. O-O Be7 9. e5 Nd5 10. Ne4 f5 11. exf6 Nxf6 12. Nc5 Bd5 13. Ng5 O-O 14. Qc2 h6 15. Nh3 Nc6 0-1


[Site "https://www.chess.com"]

[Event "Titled Tuesday Blitz May 4 2021"]
[White "Matveeva, Olga"]
[Black "Podetti, Davide"]
[WhiteFideId "24107018"]
[BlackFideId "893617"]
[WhiteElo "2108"]
[BlackElo "2131"]
[Result "0-1"]
[Round "04"]
[TimeControl "180+1"]
[Date "2021.05.04"]
[WhiteClock "0:00:02"]
[BlackClock "0:00:39"]

1. d4 Nf6 2. c4 e6 3. g3 d5 4. Nf3 dxc4 5. Bg2 a6 6. O-O Nc6 7. e3 Rb8 8. Nfd2 e5 9. Nxc4 exd4 10. exd4 Be6 11. Re1 Be7 12. Ne5 Nxd4 13. Be3 c5 14. Qa4+ b5 15. Qxa6 Qb6 16. Qxb6 Rxb6 17. Bxd4 cxd4 18. Bc6+ Kd8 19. Nd2 Bd6 20. Bg2 Bxe5 21. Rxe5 Ke7 22. Nb3 Rd8 23. Nc5 Nd7 24. Nxd7 Rxd7 25. Rae1 d3 26. a3 d2 27. Rd1 Kf6 28. Re3 Rbd6 29. Bf1 g5 30. Bxb5 Rc7 31. Be2 Rc1 32. Kg2 Rxd1 33. Bxd1 Rb6 34. b4 h5 35. Rd3 Ra6 36. Kf1 Bc4 37. Ke2 Bxd3+ 38. Kxd3 Rxa3+ 39. Kxd2 Ra2+ 40. Bc2 Ke5 41. Kc3 Ra3+ 42. Bb3 Ra1 43. b5 f6 44. b6 Kd6 45. Kd4 Rh1 0-1


[Site "https://www.chess.com"]

[Event "Titled Tuesday Blitz May 4 2021"]
[White "Mayaud, Raphael"]
[Black "Haessel, Dale R."]
[WhiteFideId "627151"]
[BlackFideId "2012618"]
[WhiteElo "2191"]
[BlackElo "2167"]
[Result "0-1"]
[Round "04"]
[TimeControl "180+1"]
[Date "2021.05.04"]
[WhiteClock "0:00:16"]
[BlackClock "0:00:09"]

1. d4 Nf6 2. Bg5 d5 3. Bxf6 gxf6 4. c4 dxc4 5. e3 e6 6. Bxc4 b6 7. Qf3 c6 8. Nc3 Bb7 9. O-O-O Nd7 10. Qh5 Qe7 11. Nge2 f5 12. Nf4 O-O-O 13. Kb1 Bg7 14. Qe2 Kb8 15. h4 Nf6 16. h5 Bh6 17. Nd3 Rhg8 18. Rhg1 Ne4 19. Nxe4 fxe4 20. Ne5 Bg7 21. g4 c5 22. Bb5 cxd4 23. exd4 Bxe5 24. dxe5 Qc5 25. Rxd8+ Rxd8 26. g5 Qxe5 27. g6 hxg6 28. hxg6 fxg6 29. Rxg6 Qc5 30. Rxe6 a6 31. Bc4 Rc8 32. b3 b5 0-1


[Site "https://www.chess.com"]

[Event "Titled Tuesday Blitz May 4 2021"]
[White "Mayeregger, Arnold"]
[Black "Yavorovsky, Valeriy"]
[WhiteFideId "3705226"]
[BlackFideId "14121549"]
[WhiteElo "1567"]
[BlackElo "2267"]
[Result "0-1"]
[Round "04"]
[TimeControl "180+1"]
[Date "2021.05.04"]
[WhiteClock "0:00:02"]
[BlackClock "0:00:08"]

1. e4 e5 2. Nf3 Nc6 3. Bc4 Bc5 4. c3 Nf6 5. d3 d6 6. O-O a6 7. Bb3 Ba7 8. Re1 O-O 9. Nbd2 Ng4 10. Rf1 Kh8 11. h3 Nh6 12. Re1 f5 13. Nf1 Qf6 14. exf5 Nxf5 15. Ne3 Nh4 16. Nd5 Nxf3+ 17. Qxf3 Qxf3 18. gxf3 Bxh3 19. Nxc7 Rac8 20. Nd5 Rxf3 21. Be3 Bxe3 22. Nxe3 Rcf8 23. Re2 Bd7 24. Bd5 R3f6 25. Be4 Bc8 26. Kf1 Ne7 27. Ke1 Nf5 28. Nd5 Rg6 29. Kd2 Rh6 30. Rg1 Rh2 31. f3 Rxe2+ 32. Kxe2 g6 33. b4 Bd7 34. Rg5 Bc6 35. Ne3 Nxe3 36. Kxe3 d5 37. Rxe5 dxe4 38. fxe4 Kg7 39. Rg5 h6 40. Rg3 g5 41. d4 Re8 42. e5 Bd5 43. a4 b5 44. axb5 axb5 45. Rg1 Kg6 46. Ra1 Re6 47. Ra7 h5 48. Rd7 Bc4 49. Kf3 h4 50. Rd8 Re7 51. Rd6+ Kh5 0-1


[Site "https://www.chess.com"]

[Event "Titled Tuesday Blitz May 4 2021"]
[White "Meissner, Felix"]
[Black "De Silva, L M S T"]
[WhiteFideId "24671827"]
[BlackFideId "9953698"]
[WhiteElo "2390"]
[BlackElo "1621"]
[Result "1-0"]
[Round "04"]
[TimeControl "180+1"]
[Date "2021.05.04"]
[WhiteClock "0:00:44"]
[BlackClock "0:00:05"]

1. e4 e5 2. Nf3 Nc6 3. g3 Nf6 4. d3 Bc5 5. Bg2 O-O 6. O-O Bb6 7. Nc3 d6 8. Bg5 Be6 9. Nd2 h6 10. Bxf6 Qxf6 11. Nc4 Bxc4 12. dxc4 Ne7 13. Nd5 Nxd5 14. cxd5 Qg6 15. Qd3 Qh5 16. Bf3 Qg5 17. Kg2 f5 18. exf5 Rxf5 19. Be4 Rf7 20. f3 Raf8 21. b4 Kh8 22. a4 a6 23. a5 Ba7 24. b5 axb5 25. Qxb5 Qd2+ 26. Kh1 Bd4 27. Rad1 Qe3 28. Qd3 Qg5 29. Rb1 b6 30. a6 Ra8 31. c3 Bc5 32. Ra1 Qf6 33. Qb5 Ra7 34. Qe8+ Rf8 35. Qb5 Rfa8 36. Kg2 Qf8 37. Bd3 Qe7 38. Ra2 Rf8 39. Re2 Rf6 40. Qc4 Qf8 41. Qe4 g6 42. Ra1 Kg7 43. Bb5 Qc8 44. h4 Rf5 45. Bd3 Qf8 46. h5 Rg5 47. hxg6 h5 48. Qh4 Qf6 49. Be4 b5 50. Qh3 Qe7 51. Qc8 h4 52. g4 h3+ 53. Kxh3 Rxg6 54. Bxg6 Kxg6 55. Qg8+ Kf6 56. f4 Ra8 57. fxe5+ dxe5 58. Rf1+ 1-0


[Site "https://www.chess.com"]

[Event "Titled Tuesday Blitz May 4 2021"]
[White "Melkevik, Johannes"]
[Black "Jain, Naveen"]
[WhiteFideId "1501836"]
[BlackFideId "5003970"]
[WhiteElo "1727"]
[BlackElo "2036"]
[Result "0-1"]
[Round "04"]
[TimeControl "180+1"]
[Date "2021.05.04"]
[WhiteClock "0:00:24"]
[BlackClock "0:01:46"]

1. d4 Nf6 2. Nf3 c5 3. d5 d6 4. Nc3 g6 5. e4 Bg7 6. Be2 O-O 7. Nd2 e6 8. O-O exd5 9. exd5 a6 10. a4 b6 11. Nc4 Ra7 12. Bf4 Ne8 13. Ne4 Rd7 14. a5 bxa5 15. Rxa5 h6 16. Qd2 f5 17. Nc3 g5 18. Bg3 f4 19. Bg4 Re7 20. h4 Bxg4 21. f3 fxg3 22. fxg4 Bd4+ 23. Kh1 Rxf1# 0-1


[Site "https://www.chess.com"]

[Event "Titled Tuesday Blitz May 4 2021"]
[White "Meneses Gonzalez, Kevin Moises"]
[Black "Borawski, Jakub"]
[WhiteFideId "2284502"]
[BlackFideId "1143000"]
[WhiteElo "2301"]
[BlackElo "2020"]
[Result "1-0"]
[Round "04"]
[TimeControl "180+1"]
[Date "2021.05.04"]
[WhiteClock "0:00:10"]
[BlackClock "0:00:02"]

1. e4 e5 2. Nf3 Nc6 3. Bb5 a6 4. Ba4 Nf6 5. O-O Be7 6. Re1 b5 7. Bb3 d6 8. c3 O-O 9. h3 Nb8 10. d4 Nbd7 11. Nbd2 Bb7 12. Bc2 Re8 13. Nf1 Bf8 14. Ng3 g6 15. a4 exd4 16. cxd4 c5 17. d5 Bg7 18. Bf4 Nb6 19. a5 Nc4 20. b3 Ne5 21. Nxe5 dxe5 22. Be3 Qd6 23. Rc1 Rac8 24. Bb1 Nd7 25. Qd2 h5 26. Bg5 f6 27. Bh6 h4 28. Nf1 Qf8 29. Be3 f5 30. Bg5 Nf6 31. exf5 gxf5 32. Bxf5 Nxd5 33. Bxc8 Rxc8 34. Ne3 Nf4 35. Bxh4 Rc7 36. Rcd1 Qf7 37. Qd8+ Kh7 38. Bg5 Ne6 39. Qd3+ e4 40. Qd6 Nxg5 41. Nd5 Bxd5 42. Rxd5 Ne6 43. Rxe4 Nd4 44. Rh4+ Kg8 45. Qd8+ Qf8 46. Qxc7 Ne2+ 47. Kh2 1-0


[Site "https://www.chess.com"]

[Event "Titled Tuesday Blitz May 4 2021"]
[White "Mickiewicz, Piotr"]
[Black "Garcia, Gabriel Gonzaga"]
[WhiteFideId "1114891"]
[BlackFideId "2138956"]
[WhiteElo "2263"]
[BlackElo "2240"]
[Result "1-0"]
[Round "04"]
[TimeControl "180+1"]
[Date "2021.05.04"]
[WhiteClock "0:00:33"]
[BlackClock "0:01:22"]

1. Nf3 Nf6 2. g3 b6 3. Bg2 Bb7 4. O-O e6 5. c4 c5 6. b3 Nc6 7. Bb2 d5 8. cxd5 exd5 9. d4 Be7 10. Nc3 O-O 11. Rc1 Rc8 12. dxc5 bxc5 13. Na4 Nb4 14. a3 Na6 15. Ne5 Re8 16. Qd3 Nb8 17. Rfd1 Nbd7 18. Nxd7 Qxd7 19. Bxf6 Bxf6 20. Nxc5 Qe7 21. Nxb7 Qxb7 22. Bxd5 Qb6 23. Bxf7+ Kxf7 24. Rxc8 Rxc8 25. Qd7+ Kg6 26. Qg4+ Kh6 27. Qxc8 Qxb3 28. Qc1+ Bg5 29. Rd6+ g6 30. e3 Be7 31. Rd7 Bxa3 32. Qc7 Qb1+ 33. Kg2 Qe4+ 34. f3 Qxe3 35. Rxh7+ Kg5 36. h4+ 1-0


[Site "https://www.chess.com"]

[Event "Titled Tuesday Blitz May 4 2021"]
[White "Mikhalevski, Victor"]
[Black "Molchanov, Alexander"]
[WhiteFideId "2801914"]
[BlackFideId "24177687"]
[WhiteElo "2567"]
[BlackElo "2541"]
[Result "0-1"]
[Round "04"]
[TimeControl "180+1"]
[Date "2021.05.04"]
[WhiteClock "0:00:25"]
[BlackClock "0:00:11"]

1. c4 e6 2. Nf3 d5 3. g3 dxc4 4. Bg2 a6 5. O-O Nf6 6. Qc2 Qd5 7. b3 cxb3 8. Qxc7 Nc6 9. Nc3 Qa5 10. Qf4 bxa2 11. Rxa2 Qd8 12. Nb5 Nd5 13. Qg4 e5 14. Qh5 Be6 15. Ng5 g6 16. Nxe6 fxe6 17. Qh3 axb5 18. Qxe6+ Nde7 19. Rxa8 Qxa8 20. d4 Qc8 21. Qf6 Rg8 22. d5 Bg7 23. Qh4 Nd4 24. Bg5 Nef5 25. Qxh7 Kf7 26. d6 Rh8 27. Bd5+ Ne6 28. Qxh8 Bxh8 29. Rc1 Nxd6 30. Rxc8 Nxc8 31. Bxb7 Nxg5 32. Bxc8 b4 33. Ba6 Ne6 34. Bc4 Ke7 35. Kf1 Nc5 36. Ke1 b3 37. Kd2 e4 38. h4 b2 39. Kc2 Bd4 40. f3 e3 41. g4 Kf6 42. Bd5 Nd7 43. Be4 Ne5 44. Bd5 Ke7 45. Be4 Kf6 46. Bd5 Nd7 47. Bc6 Nc5 48. Bd5 Ne6 49. Bc4 Nf4 50. Bb5 Ng2 51. h5 gxh5 52. gxh5 Kg5 53. Ba6 Nf4 54. Bb5 Kxh5 55. Bc4 Kh4 56. Kb1 Kg3 57. Kc2 Kf2 0-1


[Site "https://www.chess.com"]

[Event "Titled Tuesday Blitz May 4 2021"]
[White "Mikhalsky, Vladimir"]
[Black "Abdyzhapar, Asylbek"]
[WhiteFideId "14144352"]
[BlackFideId "13800337"]
[WhiteElo "2280"]
[BlackElo "2383"]
[Result "1-0"]
[Round "04"]
[TimeControl "180+1"]
[Date "2021.05.04"]
[WhiteClock "0:00:28"]
[BlackClock "0:00:44"]

1. e4 c6 2. Nc3 d5 3. Nf3 Bg4 4. h3 Bh5 5. exd5 cxd5 6. Bb5+ Nc6 7. g4 Bg6 8. Ne5 Rc8 9. Qf3 e6 10. d4 f6 11. Nxg6 hxg6 12. Ne2 Kf7 13. c3 Bd6 14. Nf4 Nge7 15. Bd3 g5 16. Nh5 a6 17. Bxg5 Rxh5 18. gxh5 Qb6 19. b4 Nxb4 20. cxb4 Qxb4+ 21. Bd2 Qxd4 22. Rc1 Nc6 23. Qe3 Qh4 24. Bg6+ Ke7 25. Bf5 Be5 26. Bg4 d4 27. Qa3+ Kf7 28. Qb3 Re8 29. Qxb7+ Ne7 30. Rc6 f5 31. Bf3 Rb8 32. Qxa6 Rb1+ 33. Rc1 Rb2 34. Qd3 Bf4 35. Bxf4 Qxf4 36. O-O e5 37. Bg2 Rd2 38. Qg3 Qh6 39. Qxe5 1-0


[Site "https://www.chess.com"]

[Event "Titled Tuesday Blitz May 4 2021"]
[White "Mirzoev, Azer"]
[Black "Rytenko, Vsevolod"]
[WhiteFideId "13400304"]
[BlackFideId "14133040"]
[WhiteElo "2525"]
[BlackElo "2228"]
[Result "0-1"]
[Round "04"]
[TimeControl "180+1"]
[Date "2021.05.04"]
[WhiteClock "0:00:36"]
[BlackClock "0:00:10"]

1. e4 e6 2. d4 d5 3. Nc3 Bb4 4. exd5 exd5 5. Bd3 Nf6 6. Ne2 O-O 7. Bg5 c6 8. O-O h6 9. Bh4 Re8 10. a3 Bd6 11. f3 Qc7 12. h3 g5 13. Bf2 Nbd7 14. Qd2 Nf8 15. Rae1 Bd7 16. Nd1 Ne6 17. c3 Nf4 18. Nxf4 Bxf4 19. Qc2 Nh5 20. Rxe8+ Rxe8 21. Re1 Bh2+ 22. Kh1 Bg3 23. Rxe8+ Bxe8 24. Kg1 Bh2+ 25. Kf1 Bg3 26. Ne3 Bd7 27. Ng4 Bxg4 28. hxg4 Bxf2 29. Kxf2 Qg3+ 30. Kf1 Nf4 31. Bf5 Qh2 32. Qf2 b6 33. a4 c5 34. Qg1 Qxg1+ 35. Kxg1 cxd4 36. Kf2 dxc3 37. bxc3 Kf8 38. g3 Ne6 39. Ke3 Ke7 40. Bc2 Kd6 41. Bb3 a5 42. Bc2 Kc5 43. f4 f6 44. Bd1 Kc4 45. Kd2 gxf4 46. gxf4 Nxf4 47. Ke3 Ne6 48. Bf3 Nc5 49. Kf4 Nxa4 50. Kf5 Nxc3 51. Kxf6 a4 52. Kg6 a3 53. Kxh6 a2 54. g5 a1=Q 55. g6 Qc1+ 56. Kh7 Qf4 57. Bh5 Ne4 58. g7 Nf6+ 59. Kg6 Nxh5 60. g8=Q Qg4+ 61. Kf7 Qxg8+ 62. Kxg8 d4 63. Kf7 d3 64. Kg6 d2 65. Kxh5 d1=Q+ 66. Kg6 Qf3 0-1


[Site "https://www.chess.com"]

[Event "Titled Tuesday Blitz May 4 2021"]
[White "Mitra, Roman C"]
[Black "Fernandez, Michael"]
[WhiteFideId "419540"]
[BlackFideId "5803560"]
[WhiteElo "2174"]
[BlackElo "2110"]
[Result "0-1"]
[Round "04"]
[TimeControl "180+1"]
[Date "2021.05.04"]
[WhiteClock "0:00:38"]
[BlackClock "0:00:47"]

1. e4 c6 2. d4 d5 3. e5 Bf5 4. Bd3 Bxd3 5. Qxd3 e6 6. Ne2 a6 7. O-O c5 8. c3 Nc6 9. f4 g6 10. Be3 c4 11. Qc2 h5 12. g3 Nge7 13. h3 Nf5 14. Bf2 b5 15. Nd2 Be7 16. Nf3 g5 17. Kh2 g4 18. Ne1 h4 19. gxh4 Bxh4 20. Bxh4 Qxh4 21. Ng1 Ne3 22. Qe2 Nxf1+ 23. Qxf1 O-O-O 24. Ng2 g3+ 25. Kh1 Qxh3+ 26. Nxh3 Rxh3+ 27. Kg1 Rdh8 28. Ne3 Rh1+ 29. Kg2 R8h2+ 30. Kxg3 Rxf1 31. Rxf1 Rxb2 32. f5 Rxa2 33. fxe6 fxe6 34. Rf8+ Nd8 35. Ng4 a5 36. Nf6 b4 37. Ne8 bxc3 38. Nd6+ Kd7 39. Rh8 c2 40. Rh1 Nc6 41. Rh7+ Kd8 42. Nb7+ Kc8 43. Nd6+ Kb8 44. Rh8+ Kc7 45. Rh7+ Kb6 46. Rb7+ Ka6 47. Nc8 Kxb7 0-1


[Site "https://www.chess.com"]

[Event "Titled Tuesday Blitz May 4 2021"]
[White "Mohandesi, Shahin"]
[Black "Hernandez Jimenez, Alexander Andres"]
[WhiteFideId "12501247"]
[BlackFideId "3900452"]
[WhiteElo "1993"]
[BlackElo "2151"]
[Result "1-0"]
[Round "04"]
[TimeControl "180+1"]
[Date "2021.05.04"]
[WhiteClock "0:00:50"]
[BlackClock "0:00:13"]

1. d4 Nf6 2. c4 e6 3. g3 Bb4+ 4. Bd2 Qe7 5. Bg2 O-O 6. e3 Bxd2+ 7. Nxd2 d6 8. Ne2 Nbd7 9. O-O e5 10. b4 a5 11. a3 Re8 12. bxa5 Rxa5 13. a4 Nf8 14. Nb3 Ra7 15. a5 e4 16. h3 Bd7 17. d5 Rea8 18. Ned4 Ng6 19. Qd2 Ne5 20. Qb4 Nf3+ 21. Kh1 Ng5 22. h4 Ng4 23. hxg5 Qxg5 24. Kg1 Qh5 25. Rfc1 Qh2+ 26. Kf1 Re8 27. Nb5 Bxb5 28. cxb5 Re5 29. Rxc7 Ra8 30. Rac1 g6 31. Nd4 Rae8 32. a6 Nxe3+ 33. fxe3 Qxg3 34. Qd2 Rxd5 35. axb7 1-0


[Site "https://www.chess.com"]